 Dungeon Crawl Stone Soup version 0.27.1-33-g824d729ab1 (webtiles) character file.

Game seed: 446941948201541362

59 Atelerd the Digger (level 4, -2/27 HPs)
             Began as an Octopode Earth Elementalist on Dec 22, 2021.
             Slain by Grinder (3 damage)
             ... on level 3 of the Dungeon.
             The game lasted 00:01:57 (2344 turns).

Atelerd the Digger (Octopode Earth Elementalist)    Turns: 2344, Time: 00:01:58

Health: -2/27      AC:  2    Str:  7    XL:     4   Next: 3%
Magic:  6/8        EV: 13    Int: 18    God:
Gold:   25         SH:  0    Dex: 18    Spells: 7/8 levels left

rFire    . . .     SeeInvis .   i - +0 dagger
rCold    . . .     Faith    .   (no shield)
rNeg     . . .     Spirit   .   e - +1 hat
rPois    .         Reflect  .   (no amulet)
rElec    .         Harm     .   d - +6 ring of dexterity
rCorr    .         Rampage  .   (no ring)
Will     .....                  (no ring)
Stlth    +++.......             (no ring)
HPRegen  0.09/turn              (no ring)
MPRegen  0.11/turn              (no ring)
                                (no ring)
                                (no ring)

@: no status effects
A: almost no armour, amphibious, 8 rings, camouflage 1, gelatinous body 1,
(nimble swimmer 1), tentacles
a: no special abilities


You were on level 3 of the Dungeon.
You visited 1 branch of the dungeon, and saw 3 of its levels.

You collected 25 gold pieces.

Inventory:

Hand Weapons
 i - a +0 dagger (weapon)
Missiles
 b - 67 stones
Armour
 e - a +1 hat (worn)
Jewellery
 d - a +6 ring of dexterity (left tentacle)
 j - a ring of wizardry
Scrolls
 a - 2 scrolls of immolation {unknown}
 c - a scroll of fog {unknown}
 f - a scroll of magic mapping {unknown}
 g - a scroll of identify {unknown}
 k - a scroll of silence {unknown}
 l - a scroll of brand weapon {unknown}
Potions
 h - a potion of brilliance {unknown}
 m - a potion of might {unknown}


   Skills:
 - Level 2.0 Dodging
 - Level 2.6 Stealth
 + Level 2.8 Spellcasting
 - Level 2.0 Transmutations
 + Level 3.7 Earth Magic


You had 7 spell levels left.
You knew the following spells:

 Your Spells              Type           Power      Damage    Failure   Level
a - Sandblast             Erth           32%        2d9       3%          1

Your spell library contained the following spells:

 Spells                   Type           Power      Damage    Failure   Level
 Passwall                 Tmut/Erth      10%        N/A       8%          2
 Freeze                   Ice            8%         1d3       17%         1
 Stone Arrow              Conj/Erth      18%        3d8       22%         3
 Frozen Ramparts          Ice            4%         1d2       45%         3
 Gell's Gravitas          Tloc           1%         N/A       45%         3
 Lesser Beckoning         Tloc           1%         N/A       45%         3
 Teleport Other           Tloc           2%         N/A       45%         3
 Petrify                  Tmut/Erth      12%        N/A       45%         4
 Hailstorm                Conj/Ice       2%         3d3       86%         4
 Bolt of Magma            Conj/Fire/Erth 3%         4d5       95%         5
 Shatter                  Erth           8%         3d10*     100%        9


Dungeon Overview and Level Annotations

Branches:
Dungeon (3/15)

Altars:

Annotations:
D:3 Grinder


Innate Abilities, Weirdness & Mutations

You cannot wear most types of armour.
You are amphibious.
You can wear up to eight rings at the same time.
Your skin changes colour to match your surroundings (Stealth+).
Your rubbery body absorbs attacks. (AC +1, EV +1)
((You are camouflaged near water. (Stealth+)))
You have tentacles for arms and can constrict up to eight enemies at once.


Message History

Done exploring.
Done exploring.
Done exploring.
(D) Dungeon
Where to? (Enter - D:2, ? - help)
What level of the Dungeon? (default 1, ? - help)
There is a stone staircase leading down here.
You climb downwards.
There is a stone staircase leading up here.
Grinder comes into view.
Found a scroll labelled ZONLEOSEGO.
Grinder is nearby!
Grinder is nearby!
Grinder shouts!
Grinder hits you.
You writhe in agony.
Grinder is nearby!
You hit Grinder but do no damage. Your grab misses Grinder.
You squeeze Grinder, but do no damage. Grinder gestures at you.
Pain shoots through your body!
You are too injured to fight recklessly!
Unknown command.
Casting: Sandblast (safe; 3% risk of failure)
Confirm with . or Enter, or press ? or * to list all spells.
Aiming: Sandblast (safe; 3% risk of failure)
Press: ? - help, Shift-Dir - straight line, f - Grinder
Aim: Grinder (77% to hit)
The blast of sand misses Grinder.
Grinder hits you!
* * * LOW HITPOINT WARNING * * *
You writhe in agony.
* * * LOW HITPOINT WARNING * * *
Casting: Sandblast (safe; 3% risk of failure)
Confirm with . or Enter, or press ? or * to list all spells.
Aiming: Sandblast (safe; 3% risk of failure)
Press: ? - help, Shift-Dir - straight line, f/p - Grinder
Aim: Grinder (77% to hit)
The blast of sand hits Grinder!
Grinder is lightly wounded.
Grinder hits you.
You die...

# #. #.##
#.. #.##
#<###
##..##...
##.........
#@##.##...#
#.5# .# ...
..### .# #
#.. ?. ##
.# .#


You could see Grinder.

Vanquished Creatures
  2 adders (D:2)
  A worm (D:2)
  5 endoplasms (D:1)
  3 giant cockroaches
  2 goblins (D:2)
  3 hobgoblins
  4 jackals (D:2)
  2 ball pythons (D:1)
  4 bats
  A frilled lizard (D:2)
  4 kobolds
  5 rats
36 creatures vanquished.

Vanquished Creatures (others)
  A plant (D:1)
1 creature vanquished.

Grand Total: 37 creatures vanquished

Notes
Turn   | Place    | Note
-------+----------+-------------------------------------------
     0 | D:1      | Atelerd the Octopode Earth Elementalist began the quest for
                  | the Orb.
     0 | D:1      | Reached XP level 1. HP: 11/11 MP: 3/3
   407 | D:1      | Found a faded altar of an unknown god.
   410 | D:1      | Reached XP level 2. HP: 17/17 MP: 3/5
  1437 | D:2      | Reached XP level 3. HP: 20/21 MP: 0/6
  2156 | D:2      | Reached XP level 4. HP: 27/27 MP: 1/8
  2339 | D:3      | Noticed Grinder
  2343 | D:3      | HP: 1/27 [Grinder (2)]
  2344 | D:3      | Slain by Grinder

Illustrated notes

Levels and vault maps discovered:
D:1:      onia_arrival_mini_maze_b, layout_basic,
          hellmonk_ecumenical_altar_slurped_away, minmay_indecisive_spiral
D:2:      layout_loops_corners
D:3:      layout_loops_ring, serial_shops, nicolae_shop_stone, hex_medium,
          uniq_grinder, uniq_ijyb, uniq_crazy_yiuf_cottage, uniq_robin

Skill      XL: |  1  2 |
---------------+-------+-----
Transmutations | 2 |  2.0
Dodging        | |  2.0
Stealth        | |  2.6
Spellcasting   | |  2.8
Earth Magic    | |  3.7

Action                   |  1- 3 |  4- 6 || total
-------------------------+-------+-------++-------
Melee: Unarmed           |    20 |       ||    20
       Constrict         |     7 |       ||     7
       Tentacles         |     4 |     1 ||     5
       Dagger            |     5 |     2 ||     7
 Cast: Sandblast         |    49 |     2 ||    51
 Stab: Sleeping          |     2 |     1 ||     3
Armor: Skin              |    11 |       ||    11
Dodge: Dodged            |    22 |       ||    22
